[Event "Karnataka State Open-ch 2018"]
[Site "Bengaluru"]
[Date "2018.04.17"]
[Round "7"]
[White "Raducanu, Andrei-Augustin"]
[Black "Shashank Bhat G S"]
[Result "1-0"]
[ECO "B23"]
[WhiteElo "2063"]
[BlackElo "1698"]
[Annotator "NA RC"]
[PlyCount "61"]
[EventDate "2018.??.??"]
[EventType "swiss"]
[EventCountry "IND"]
[SourceTitle "playchess.com"]
[Source "ChessBase"]
[SourceQuality "1"]
[TimeControl "5400+30"]

1. e4 c5 2. Nc3 Nc6 3. f4 g6 4. Nf3 Bg7 5. Bc4 e6 6. O-O Nge7 7. d3 d6 8. Qe1 Nd4 9. Nxd4 cxd4 10. Ne2 d5 {[%emt 0:06:08] B23: Closed Sicilian: Lines without g3} (10... O-O 11. Bb3 a5 12. a4 d5 13. e5 Nc6 14. Kh1 b6 15. Bd2 f6 16. exf6 Bxf6 17. Ng1 Ra7 18. Nf3 Raf7 19. Qe2 {½-½ (42) Benjamin,J (2565)-Sandipan,C (2546) Philadelphia 2006}) 11. Bb5+ Bd7 12. Bxd7+ Qxd7 13. e5 Nc6 14. b4 Bf8 $146 ({Predecessor:} 14... b5 15. Bb2 a5 16. Nxd4 Bf8 17. Nxc6 Qxc6 18. c3 axb4 19. cxb4 {1-0 (65) Aldea,L (2240)-Barzanu,I (2115) Sovata 2001}) 15. a3 ({Don't play} 15. b5 Nb4 $15) 15... b5 16. Bb2 a5 17. Nxd4 axb4 18. axb4 Rc8 (18... Rxa1 $14 19. Qxa1 Bxb4) 19. Nxc6 ({Don't take} 19. Nxb5 $6 Nxb4 20. Nd6+ Bxd6 $14) 19... Qxc6 20. Bd4 Be7 21. c3 O-O 22. Ra7 Rc7 23. Qa1 f6 24. Qa6 Qxa6 25. Rxa6 Kf7 26. Rfa1 Rfc8 27. Ra7 fxe5 28. Bxe5 Rxc3 $18 (28... Rxa7 29. Rxa7 Ke8) 29. Bxc3 Rxc3 30. Rb7 Kf6 31. Raa7 1-0

[Event "Karnataka State Open-ch 2018"]
[Site "Bengaluru"]
[Date "2018.04.17"]
[Round "7"]
[White "Balkishan, A."]
[Black "Sanjana Raghunath"]
[Result "1-0"]
[ECO "E11"]
[WhiteElo "2026"]
[BlackElo "1472"]
[Annotator "NA RC"]
[PlyCount "49"]
[EventDate "2018.??.??"]
[EventType "swiss"]
[EventCountry "IND"]
[SourceTitle "playchess.com"]
[Source "ChessBase"]
[SourceQuality "1"]
[TimeControl "5400+30"]

1. d4 Nf6 2. Nf3 e6 3. c4 Bb4+ 4. Nbd2 Qe7 5. a3 {[%emt 0:00:16] E11: Bogo-Indian} (5. g3 O-O 6. Bg2 d6 7. O-O e5 8. e4 Bxd2 9. Qxd2 Bg4 10. Nh4 exd4 11. Qxd4 Nc6 12. Qc3 Qe5 13. Bd2 Nd4 14. Kh1 Nc6 {1-0 (40) Dubov,D (2666)-Demidov,M (2521) Sochi 2017}) 5... Bxd2+ 6. Bxd2 Nc6 7. Bg5 d5 $146 ({Find the theoretical novelty and annotate with similar games:} 7... h6 8. Bxf6 Qxf6 9. h3 d6 10. e4 O-O 11. Qd2 Re8 12. Rd1 e5 {½-½ (24) Mikhalevski,V-Sygulski,B (2355) Katowice 1990}) 8. e3 h6 9. Bh4 O-O 10. Qc2 Bd7 11. Ne5 Rad8 12. Ng4 h5 13. Nxf6+ gxf6 14. Be2 Kg7 15. O-O dxc4 16. Qxc4 ({But not} 16. Bxh5 $6 Rh8 $16) 16... Rh8 17. b4 a6 18. e4 e5 {[%emt 0:02:02] [#]} 19. f4 $1 exf4 $2 (19... exd4 {is tougher.} 20. e5 Rh6) 20. e5 Qe6 (20... Rh6 $142 21. Rxf4 Nxe5 22. dxe5 Qxe5) 21. Bxf6+ Kh6 22. d5 b5 23. Qxf4+ Kh7 24. Qg5 Rhg8 25. Qxh5# 1-0

[Event "Karnataka State Open-ch 2018"]
[Site "Bengaluru"]
[Date "2018.04.17"]
[Round "7"]
[White "Sridharan Ramanathan"]
[Black "Tejas Cavale"]
[Result "1-0"]
[ECO "B32"]
[WhiteElo "1997"]
[BlackElo "1409"]
[Annotator "NA RC"]
[PlyCount "57"]
[EventDate "2018.??.??"]
[EventType "swiss"]
[EventCountry "IND"]
[SourceTitle "playchess.com"]
[Source "ChessBase"]
[SourceQuality "1"]
[TimeControl "5400+30"]

1. e4 c5 2. Nf3 Nc6 3. d4 cxd4 4. Nxd4 Nxd4 5. Qxd4 d6 6. Nc3 a6 {[%emt 0:00:35] B32: Sicilian: Löwenthal and Kalashnikov Variations} 7. Be2 e6 8. O-O Qf6 $146 ({Predecessor:} 8... Ne7 9. Bg5 Qc7 10. Rad1 Nc6 11. Qe3 h6 12. Bf4 b5 13. Qg3 e5 14. Nd5 Qb7 {1-0 (27) Zelcic,R (2552)-Kristovic,M (2349) Zadar 2003}) 9. Qd3 Be7 10. f4 Nh6 11. Kh1 Qg6 12. Qd1 b5 {[%emt 0:13:35] [#]} 13. f5 $1 exf5 14. Bh5 Qf6 $2 (14... Qe6 15. Nd5 O-O) 15. Nd5 Qh4 16. g3 Qxe4+ 17. Bf3 Qc4 18. Nxe7 Kxe7 19. Bxh6 Rb8 20. Bf4 Rb6 21. Bd5 Qc5 22. Re1+ Be6 23. Bg2 Rc8 24. Be3 Qxc2 25. Qxc2 Rxc2 26. Bxb6 Rxb2 27. Bd4 Rd2 28. Bxg7 d5 29. Bh6 $18 1-0

[Event "Karnataka State Open-ch 2018"]
[Site "Bengaluru"]
[Date "2018.04.17"]
[Round "7"]
[White "Gavi, Siddayya"]
[Black "Bachalkar Sadanand"]
[Result "1-0"]
[ECO "C79"]
[WhiteElo "1993"]
[BlackElo "1471"]
[Annotator "NA RC"]
[PlyCount "95"]
[EventDate "2018.??.??"]
[EventType "swiss"]
[EventCountry "IND"]
[SourceTitle "playchess.com"]
[Source "ChessBase"]
[SourceQuality "1"]
[TimeControl "5400+30"]

1. e4 e5 2. Nf3 Nc6 3. Bb5 a6 4. Ba4 Nf6 5. O-O d6 6. c3 Bd7 7. Re1 Be7 8. d4 O-O 9. h3 Qe8 {[%emt 0:04:25] C87: Closed Ruy Lopez: Steinitz-type lines after 6 Re1 d6} (9... Re8 10. Nbd2 Bf8 11. a3 g6 12. Bc2 Bg7 13. Nf1 Nh5 14. Be3 h6 15. Qd2 g5 16. Ng3 Nf4 17. Nf5 Bxf5 18. exf5 {1-0 (70) Zhigalko,S (2641)-Safarli,E (2639) Riadh 2017}) 10. Bc2 Qc8 $146 ({Predecessor:} 10... h6 11. Nbd2 Rd8 12. Nf1 Nh7 13. Ng3 Ng5 14. Nxg5 Bxg5 15. Bxg5 hxg5 16. Qh5 Qe7 17. Nf5 Bxf5 18. exf5 {½-½ (32) Yeung,C (1876)-Limbu,P (1731) Hong Kong 2013}) 11. Kh2 Ne8 12. Nbd2 f5 13. dxe5 fxe4 14. Bxe4 Nxe5 15. Nxe5 dxe5 16. Qb3+ Be6 17. Qxb7 Qxb7 18. Bxb7 Rb8 19. Bf3 Bd6 20. Ne4 Be7 21. b3 Rd8 22. Be3 Bf5 23. Rad1 Bxe4 24. Bxe4 Nf6 25. f3 (25. Bf3 $18 {is more deadly.}) 25... Bd6 (25... Nxe4 $16 {keeps fighting.} 26. fxe4 h6) 26. g3 a5 (26... Nxe4 $16 {keeps fighting.} 27. fxe4 Ba3) 27. Rd3 (27. Bd3 $18) 27... Nxe4 28. fxe4 Rf3 (28... Ba3 $16 29. Red1 Rxd3 30. Rxd3 Rf1) 29. Kg2 Rdf8 30. Red1 h6 31. Bg1 Rxd3 32. Rxd3 Kf7 33. Rf3+ Ke6 34. Rxf8 Bxf8 35. Kf3 g6 36. Ke2 Kd6 37. Kd3 Kc6 38. Kc4 h5 39. Be3 Be7 40. a4 Bd6 41. b4 axb4 42. cxb4 Kb7 43. Bc5 Kc6 44. b5+ Kd7 45. a5 g5 46. Bxd6 cxd6 47. Kd5 Kc7 48. a6 1-0

[Event "Karnataka State Open-ch 2018"]
[Site "Bengaluru"]
[Date "2018.04.17"]
[Round "7"]
[White "Manjunath, J."]
[Black "Govardhana C"]
[Result "1-0"]
[ECO "B12"]
[WhiteElo "1986"]
[BlackElo "1466"]
[Annotator "NA"]
[PlyCount "59"]
[EventDate "2018.??.??"]
[EventType "swiss"]
[EventCountry "IND"]
[SourceTitle "playchess.com"]
[Source "ChessBase"]
[SourceQuality "1"]
[TimeControl "5400+30"]

1. e4 c6 2. d4 d6 3. Nc3 Qc7 4. f4 Nd7 {[%emt 0:01:04] B12: Caro-Kann: Advance Variation} 5. Nf3 e5 6. d5 (6. Bc4 h6 7. a4 Ngf6 8. Ba2 Be7 9. O-O O-O 10. Kh1 exd4 11. Qxd4 d5 12. exd5 {0-1 (26) Cabarkapa,N (2424)-Sredojevic,I (2342) Novi Sad 2016}) 6... Ngf6 7. Bc4 h6 $146 ({Find the theoretical novelty and annotate with similar games:} 7... Be7 8. dxc6 bxc6 9. h3 Qa5 10. Bd2 Qb4 11. b3 Qb6 12. Na4 {0-1 (59) Sesan,J (1879)-Hrupacki,M (2108) Zagreb 2011}) 8. Qe2 Be7 9. Be3 a6 10. a4 c5 11. fxe5 dxe5 12. O-O O-O 13. a5 Re8 14. h3 Nf8 15. Qf2 Ng6 16. Nd2 Bd7 17. Qg3 Qd6 (17... Nf4 $16 {was worth a try.}) 18. Be2 Rf8 (18... Bd8 $16 {was worth a try.} 19. Nc4 Qe7) 19. Nc4 Qc7 $2 (19... Qb8 {is tougher.} 20. Nb6 Bb5 21. Nxb5 axb5 22. Rxf6 Bxf6 23. Nxa8 Qxa8 24. Bxc5 Rc8) 20. Bxh6 Bb5 $2 {[%emt 0:25:53] [#]} (20... gxh6 {was called for.} 21. d6 Qd8 22. dxe7 Qxe7) 21. Be3 (21. d6 $142 $1 Bxd6 {[#]} 22. Bxg7 $1 Kxg7 23. Rxf6 $1 Kxf6 24. Nd5+ Kg7 25. Nxc7 Bxc7 26. Bd3) 21... Bxc4 22. Bxc4 $18 Rad8 23. Qxg6 fxg6 24. d6+ Kh7 25. dxc7 Rc8 26. Nd5 Nxd5 27. Bxd5 Rxc7 28. Rxf8 Bxf8 29. Rf1 Bd6 30. Rf7 1-0

[Event "Karnataka State Open-ch 2018"]
[Site "Bengaluru"]
[Date "2018.04.17"]
[Round "7"]
[White "Malla, Nooka Raju"]
[Black "Kishan, Gangolli"]
[Result "1/2-1/2"]
[ECO "A46"]
[WhiteElo "1969"]
[BlackElo "1974"]
[Annotator "NA RC"]
[PlyCount "75"]
[EventDate "2018.??.??"]
[EventType "swiss"]
[EventCountry "IND"]
[SourceTitle "playchess.com"]
[Source "ChessBase"]
[SourceQuality "1"]
[TimeControl "5400+30"]

1. d4 Nf6 2. Nf3 e6 3. g3 d5 4. Bg2 Be7 5. c4 O-O 6. O-O dxc4 7. Qa4 a6 8. Qxc4 b5 9. Qc2 Bb7 10. Bg5 Nbd7 11. a3 {[%emt 0:00:30] E05: Open Catalan: 5 Nf3 Be7} (11. Bxf6 Nxf6 12. Nbd2 Rc8 13. Nb3 c5 14. dxc5 Ne4 15. Rfd1 Qc7 16. c6 Qxc6 17. Qxc6 Bxc6 18. Ne5 Bd5 19. Nd7 Rfe8 20. Nb6 Rc2 21. Nxd5 exd5 22. Rxd5 Nf6 23. Re5 Ng4 24. Re4 Nf6 25. Re3 Ng4 26. Re4 Nf6 27. Re5 Ng4 {½-½ (27) Almasi,Z (2707)-Leko,P (2679) Germany 2018}) 11... c5 12. dxc5 Bxc5 13. Nc3 $146 ({Predecessor:} 13. Bxf6 Qxf6 14. Nc3 Rab8 15. Nd2 Rfc8 16. Rac1 Qh6 17. Rfd1 Nf6 18. Bxb7 Rxb7 19. Nf3 Rbc7 20. Kg2 Be7 21. Qb1 {½-½ (21) Sadowski,M (2235)-Keller,H (2406) ICCF email 2007}) 13... Rc8 14. Rfd1 Qb6 15. e3 h6 16. Bxf6 Nxf6 17. Ne5 Rc7 18. Bxb7 Qxb7 19. Qe2 Rfc8 20. Qf3 $15 Qxf3 21. Nxf3 Be7 22. Ne5 Kf8 23. Rd3 Ke8 24. h4 Nd7 25. Nxd7 Rxd7 26. Rad1 Rxd3 27. Rxd3 Bf6 28. Nd1 Rd8 29. Rxd8+ Kxd8 30. Kf1 a5 31. Ke2 Kc7 32. Kd3 Kc6 33. f4 Kc5 34. e4 b4 35. axb4+ Kxb4 36. e5 Be7 37. Kc2 h5 38. Kd3 1/2-1/2

[Event "Karnataka State Open-ch 2018"]
[Site "Bengaluru"]
[Date "2018.04.17"]
[Round "7"]
[White "Isha, Sharma"]
[Black "Likhit, Chilukuri"]
[Result "1-0"]
[ECO "C00"]
[WhiteElo "1926"]
[BlackElo "1988"]
[Annotator "NA RC"]
[PlyCount "83"]
[EventDate "2018.??.??"]
[EventType "swiss"]
[EventCountry "IND"]
[SourceTitle "playchess.com"]
[Source "ChessBase"]
[SourceQuality "1"]
[TimeControl "5400+30"]

1. e4 e6 2. d3 d5 3. Nd2 Nf6 4. g3 dxe4 5. dxe4 Bc5 6. Bg2 e5 7. Ngf3 Nc6 8. O-O O-O 9. c3 a5 10. Qe2 b6 11. Nc4 Ba6 12. a4 Qe7 13. b3 {[%emt 0:09:31] C00: French: Unusual White 2nd moves} (13. h3 Ne8 14. b3 Nd6 15. Nfd2 Qe6 16. Re1 f5 17. Ba3 f4 18. Bxc5 bxc5 19. Bf1 Kh8 20. g4 Nxc4 21. Nxc4 {½-½ (41) Pinter,G (2363)-Rendle,T (2400) England 2011}) 13... b5 14. axb5 Bxb5 15. Nfd2 $146 ({Predecessor:} 15. Bg5 Qe6 16. Bxf6 Qxf6 17. Nfd2 Rfd8 18. Rfd1 a4 19. bxa4 Rxa4 20. Rxa4 Bxa4 {0-1 (97) Mirza,D (1919)-Melaugh,G (1907) Ennis 2017}) 15... Qe6 16. Ba3 Bxa3 17. Rxa3 Rad8 18. Qe3 Rd7 19. Re1 Qe7 20. Ra2 Rfd8 21. Bf1 Ng4 22. Qf3 Qe6 23. Be2 Nf6 24. Nf1 a4 25. Nfe3 axb3 26. Ra3 Ne7 27. Na5 Bxe2 28. Rxe2 Qh3 29. Re1 Ng6 30. Qf5 Qxf5 31. exf5 Ne7 $1 32. Rxb3 Rd3 33. Nb7 Rb8 34. Reb1 h5 35. Nc5 Rxb3 36. Rxb3 Rd8 37. Rb7 Nfd5 $11 38. Nxd5 Nxd5 39. Ne4 Rd7 40. c4 Nb6 41. Rb8+ Kh7 42. Ng5+ 1-0

[Event "Karnataka State Open-ch 2018"]
[Site "Bengaluru"]
[Date "2018.04.17"]
[Round "7"]
[White "Raghavendra, V."]
[Black "Sujay B M"]
[Result "1-0"]
[ECO "B22"]
[WhiteElo "1898"]
[BlackElo "1447"]
[Annotator "NA RC"]
[PlyCount "63"]
[EventDate "2018.??.??"]
[EventType "swiss"]
[EventCountry "IND"]
[SourceTitle "playchess.com"]
[Source "ChessBase"]
[SourceQuality "1"]
[TimeControl "5400+30"]

1. e4 c5 2. c3 Nf6 3. e5 Nd5 4. d4 Nc6 5. Nf3 d6 6. Bc4 {[%emt 0:01:35] B22: Sicilian: 2 c3} Nb6 7. Bb5 Bd7 (7... cxd4 8. Nxd4 Bd7 9. exd6 Nxd4 10. Bxd7+ Qxd7 11. Qxd4 e6 12. Bf4 f6 13. Nd2 e5 {1-0 (60) Neverov,V (2480)-Mgeladze,T (2303) Batumi 2018}) 8. dxc5 $146 ({Predecessor:} 8. exd6 exd6 9. O-O Be7 10. Bf4 O-O 11. Be2 Re8 12. d5 Nb8 13. Re1 Bg4 {1-0 (30) Kosintseva,T (2303)-Evdokimov,A (2356) Rybinsk 2001}) 8... dxc5 9. O-O e6 10. Qe2 Be7 11. Nbd2 O-O (11... Qc7 $11 {keeps the balance.}) 12. Ne4 ({White should play} 12. Bd3 $16) 12... Nxe5 $1 13. Nxe5 Bxb5 14. Qxb5 Qd5 15. Nxf7 $1 Qxe4 16. Ng5 Qg6 17. Nh3 $1 Rf5 18. Qe2 Raf8 19. Bd2 Bd6 20. Rae1 e5 (20... Re5 $11 21. Qd1 Rh5) 21. Qe4 Qf7 22. b3 Bb8 23. c4 Nc8 24. Ng5 Qe7 25. Qd5+ Kh8 {[%emt 0:00:11] [#]} 26. Qe6 (26. f4 $1 $16) 26... Qc7 (26... b6 $14) 27. Re4 R8f6 (27... Qd8 $11 {keeps the balance.} 28. Rg4 R8f6) 28. Qe8+ Rf8 29. Qh5 g6 $2 (29... h6 $14) 30. Qh6 Qe7 $18 31. Rh4 Nd6 32. Nxh7 1-0

[Event "Karnataka State Open-ch 2018"]
[Site "Bengaluru"]
[Date "2018.04.17"]
[Round "7"]
[White "Hardik, Jha"]
[Black "Shyama Krishna S"]
[Result "1-0"]
[ECO "D05"]
[WhiteElo "1882"]
[BlackElo "1418"]
[Annotator "NA"]
[PlyCount "111"]
[EventDate "2018.??.??"]
[EventType "swiss"]
[EventCountry "IND"]
[SourceTitle "playchess.com"]
[Source "ChessBase"]
[SourceQuality "1"]
[TimeControl "5400+30"]

1. Nf3 d5 2. d4 Nf6 3. e3 e6 4. Bd3 c5 5. c3 Nc6 6. Nbd2 Be7 7. O-O O-O 8. Re1 Qc7 {[%emt 0:08:31] D05: Colle System with ...e6} 9. e4 (9. Nf1 e5 10. Nxe5 Nxe5 11. dxe5 Qxe5 12. Ng3 Rd8 13. Qc2 {0-1 (47) Stanojevic,B (2300)-Pap,M (2476) Banja Koviljaca 2013}) 9... dxe4 10. Nxe4 cxd4 11. cxd4 Nb4 12. Bb1 b6 13. a3 Nbd5 14. Nfg5 $146 ({Predecessor:} 14. Qd3 Bb7 15. Bg5 g6 {½-½ (58) Rawski,S (2240)-Schmidt,P (2340) Polanica Zdroj 1998}) 14... Bb7 15. Qd3 Rfc8 $2 ({Not} 15... Ng4 16. Qh3 $16) (15... Rac8 $15 {stays ahead.} 16. Bd2 Nxe4 17. Qxe4 Nf6) 16. Bd2 $2 (16. Nxf6+ $16 Nxf6 17. Qh3) 16... g6 ({Don't play} 16... Ng4 $6 17. Qh3 $16) ({Black should try} 16... h6 $15 17. Nf3 Nxe4 18. Qxe4 Nf6) 17. Qh3 Bf8 $2 {[%emt 0:03:38] [#]} (17... Qd7 $11 {and Black stays safe.}) 18. Bd3 $2 (18. Ba2 $1 $18 Bg7 19. Bxd5 Nxd5 20. Qxh7+ Kf8 {[#]} 21. Re3 $1 ) 18... h6 19. Nf3 h5 (19... Nh5 $11 20. Rac1 Qe7) 20. Ne5 (20. Rac1 $18 Qe7 21. Bg5) 20... Nxe4 21. Bxe4 Ne7 ({Black should try} 21... Qe7 $14) 22. Rac1 Qxc1 23. Bxc1 Bxe4 24. Qe3 (24. Qh4 $16 Bc6 25. Qf6) 24... Bd5 25. Bd2 Nf5 26. Qd3 Rc7 27. h3 Rac8 28. g4 hxg4 29. hxg4 Nd6 30. g5 Be7 {[%emt 0:03:21] [#]} 31. Ng4 ({White should play} 31. Nxg6 $1 $16 fxg6 32. Qxg6+ Kf8 33. Bf4) 31... Nf5 $1 32. Nf6+ Kg7 $2 (32... Bxf6 $1 $11 {and Black is okay.} 33. gxf6 Nh4) 33. Bf4 ({White should try} 33. Nxd5 $18 exd5 34. Re5) 33... Bd6 $2 (33... Bxf6 $16 34. gxf6+ Kxf6) 34. Nxd5 (34. Bxd6 $142 Nxd6 35. Qe3) 34... exd5 35. Bxd6 Nxd6 36. Qg3 Ne4 37. Qe5+ f6 38. gxf6+ ({Don't play} 38. Qxd5 $6 Nxg5 39. Kg2 Nf7) 38... Nxf6 39. Qd6 Rc1 $2 (39... Rf7 40. Re7 Rcf8) 40. Rxc1 Rxc1+ 41. Kg2 Re1 42. Qc7+ Kh6 43. Qxa7 Re2 44. Qf7 Kg5 45. b4 b5 46. Qb7 Ra2 47. Qxb5 Rxa3 48. Qc5 Ra2 49. Qe7 Ra6 50. Qe3+ Kh4 51. b5 Rb6 52. Qd3 $18 (52. Qf4+ $142 Kh5 53. Qc7 Rxb5 54. Qe5+ Kh6 55. Qxf6 Rb2 56. Qc6 Kg7 57. Qxd5) 52... Ne4 53. f3 Ng5 54. f4 Rf6 55. Qg3+ Kh5 56. Qxg5# 1-0

[Event "Karnataka State Open-ch 2018"]
[Site "Bengaluru"]
[Date "2018.04.17"]
[Round "7"]
[White "Keshav Kothari"]
[Black "Nachiketh, Adiga"]
[Result "1-0"]
[ECO "E71"]
[WhiteElo "1715"]
[BlackElo "1348"]
[Annotator "NA"]
[PlyCount "65"]
[EventDate "2018.??.??"]
[EventType "swiss"]
[EventCountry "IND"]
[SourceTitle "playchess.com"]
[Source "ChessBase"]
[SourceQuality "1"]
[TimeControl "5400+30"]

1. d4 Nf6 2. c4 g6 3. Nc3 Bg7 4. e4 d6 5. h3 O-O 6. Nf3 e5 7. dxe5 dxe5 8. Be3 Qe7 9. Be2 c6 10. O-O Na6 11. a3 Nh5 12. b4 Nf4 13. c5 Nc7 14. Bc4 Be6 15. Qb3 Bxc4 16. Qxc4 Nce6 17. Rac1 Qf6 18. Kh2 g5 19. Ne2 h5 20. Ng3 g4 21. Ng1 Ng5 22. Bxf4 exf4 23. Nxh5 Qe5 24. hxg4 Nxe4 25. Nf3 Qe7 26. Rfe1 Rfe8 27. Nxg7 Kxg7 28. Rc2 Qe6 29. Qd4+ Kg8 30. Rce2 Qh6+ 31. Kg1 Nf6 32. g5 Rxe2 33. Rxe2 1-0

[Event "Karnataka State Open-ch 2018"]
[Site "Bengaluru"]
[Date "2018.04.17"]
[Round "7"]
[White "Chaithanya Ganesh"]
[Black "Sanjay Sindhia, MH."]
[Result "1/2-1/2"]
[ECO "C00"]
[WhiteElo "1498"]
[BlackElo "1761"]
[Annotator "NA RC"]
[PlyCount "105"]
[EventDate "2018.??.??"]
[EventType "swiss"]
[EventCountry "IND"]
[SourceTitle "playchess.com"]
[Source "ChessBase"]
[SourceQuality "1"]
[TimeControl "5400+30"]

1. e4 e6 2. d4 b6 3. Nf3 Bb7 4. Bd3 c5 5. c3 Nf6 6. Qe2 cxd4 7. cxd4 d5 8. e5 Ne4 9. Nbd2 Nxd2 10. Bxd2 Be7 11. O-O O-O 12. Ne1 Nc6 13. Nc2 a5 14. Qg4 Kh8 15. Qh3 g6 16. Qh6 Ba6 17. Bxa6 Rxa6 18. f4 f5 19. Rf3 Rf7 20. Rc3 b5 21. Rc1 b4 22. Rg3 Bf8 23. Qh3 Kg8 24. Rd3 Rc7 25. Ne1 Na7 26. Qf3 Rxc1 27. Bxc1 Rc6 28. Be3 Qb6 29. Qe2 Nb5 30. h3 Rc4 31. Kh2 Be7 32. Qf2 Qd8 33. Rd1 Bh4 34. g3 Be7 35. Rc1 Qc8 36. Rd1 Kf7 37. Kg1 Bd8 38. Rd3 Bb6 39. h4 h5 40. Kg2 Qc6 41. Kh3 a4 42. b3 axb3 43. axb3 Rc3 44. Qd2 Qa8 45. Rxc3 Nxc3 46. Qd3 Qa1 47. Nf3 Qa2 48. Nd2 Qa1 49. Kg2 Qd1 50. Qf1 Qe2+ 51. Qxe2 Nxe2 52. Nf3 Nc3 53. Kh3 1/2-1/2

[Event "Karnataka State Open-ch 2018"]
[Site "Bengaluru"]
[Date "2018.04.17"]
[Round "8"]
[White "Ojas, Kulkarni"]
[Black "Malla, Nooka Raju"]
[Result "1-0"]
[ECO "A05"]
[WhiteElo "2252"]
[BlackElo "1969"]
[Annotator "ChessBase"]
[PlyCount "153"]
[EventDate "2018.??.??"]
[EventType "swiss"]
[EventCountry "IND"]
[SourceTitle "playchess.com"]
[Source "ChessBase"]
[SourceQuality "1"]
[TimeControl "5400+30"]

1. Nf3 Nf6 2. b3 d5 3. g3 g6 4. Bg2 Bg7 5. Bb2 O-O 6. c4 c6 7. O-O Bd7 8. h3 Qb6 9. Qc1 Ne4 10. Bxg7 Kxg7 11. Qb2+ f6 12. Qd4 e5 13. Qxb6 axb6 14. cxd5 cxd5 15. d3 Nc5 16. Nc3 d4 17. Nd5 b5 18. Rfc1 Nba6 19. Nb6 Rad8 20. b4 Na4 21. Nxa4 bxa4 22. a3 Bc6 23. Nd2 Bxg2 24. Kxg2 Rf7 25. Ne4 Rc7 26. b5 Rxc1 27. Rxc1 Nb8 28. Nc5 Rd5 29. b6 Kh6 30. Rc4 Nd7 31. Nxd7 Rxd7 32. Rc7 Rd5 33. Rxb7 Rb5 34. Ra7 Rxb6 35. Rxa4 Kg5 36. Ra5 h5 37. f4+ Kf5 38. Kf3 Ke6 39. fxe5 f5 40. h4 Rb1 41. Ra6+ Kxe5 42. Rxg6 Rf1+ 43. Kg2 Ra1 44. Ra6 Ra2 45. Kf3 Ra1 46. Ra5+ Kf6 47. Ra6+ Ke5 48. Ra5+ Kf6 49. Ra8 Rf1+ 50. Kg2 Re1 51. Kf2 Ra1 52. a4 f4 53. a5 fxg3+ 54. Kxg3 Rg1+ 55. Kf2 Rg7 56. a6 Kf5 57. Kf3 Rf7 58. Re8 Ra7 59. Re4 Rxa6 60. Rxd4 Ra1 61. Rd5+ Kg6 62. Rd6+ Kg7 63. Rd5 Kg6 64. Rg5+ Kh6 65. Kg2 Re1 66. Re5 Kg6 67. d4 Rd1 68. e3 Rd3 69. Kf3 Rd1 70. Rg5+ Kh6 71. d5 Rd2 72. e4 Rd3+ 73. Ke2 Rh3 74. d6 Rxh4 75. d7 Rxe4+ 76. Kd3 Re6 77. d8=Q 1-0

[Event "Karnataka State Open-ch 2018"]
[Site "Bengaluru"]
[Date "2018.04.17"]
[Round "8"]
[White "Kulkarni, Vinayak"]
[Black "Sekhawat, Hussen"]
[Result "1-0"]
[ECO "A05"]
[WhiteElo "2179"]
[BlackElo "1915"]
[Annotator "ChessBase"]
[PlyCount "121"]
[EventDate "2018.??.??"]
[EventType "swiss"]
[EventCountry "IND"]
[SourceTitle "playchess.com"]
[Source "ChessBase"]
[SourceQuality "1"]
[TimeControl "5400+30"]

1. Nf3 Nf6 2. g3 g6 3. Bg2 Bg7 4. O-O O-O 5. d4 c5 6. c3 Qc7 7. Nbd2 d6 8. dxc5 Qxc5 9. Nd4 a6 10. Ne4 Nxe4 11. Bxe4 Qc7 12. Bg5 h6 13. Be3 Bh3 14. Re1 Nd7 15. Nc2 Nf6 16. Bf3 Ng4 17. Qd2 Ne5 18. Bxh6 Nxf3+ 19. exf3 Qc6 20. Nd4 Qd7 21. Rad1 e5 22. Nc2 Rad8 23. Re4 f5 24. Rh4 f4 25. g4 Bxg4 26. Rxg4 Bxh6 27. Rxg6+ Kh7 28. Rxd6 Rg8+ 29. Kf1 Qh3+ 30. Ke1 Rde8 31. Qd3+ e4 32. fxe4 f3 33. Ne3 Qxh2 34. Rd7+ Kh8 35. Qd4+ Rg7 36. Rxg7 Bxg7 37. Qd5 Qg1+ 38. Nf1 Qg4 39. Ng3 Re5 40. Qxb7 a5 41. Kd2 Qe6 42. Rh1+ Kg8 43. Qb3 a4 44. Qxe6+ Rxe6 45. Ke3 a3 46. bxa3 Rc6 47. Kxf3 Rxc3+ 48. Kf4 Rxa3 49. Nf5 Rxa2 50. Rg1 Rxf2+ 51. Ke3 Rxf5 52. exf5 Kf7 53. Ke4 Bf6 54. Rg2 Be7 55. Ra2 Kf6 56. Ra6+ Kf7 57. Ke5 Bd8 58. Ra7+ Ke8 59. Ra8 Kd7 60. Rxd8+ Kxd8 61. Ke4 1-0

[Event "Karnataka State Open-ch 2018"]
[Site "Bengaluru"]
[Date "2018.04.17"]
[Round "8"]
[White "Balkishan, A."]
[Black "Keshav Kothari"]
[Result "1-0"]
[ECO "D51"]
[WhiteElo "2026"]
[BlackElo "1715"]
[Annotator "NA"]
[PlyCount "179"]
[EventDate "2018.??.??"]
[EventType "swiss"]
[EventCountry "IND"]
[SourceTitle "playchess.com"]
[Source "ChessBase"]
[SourceQuality "1"]
[TimeControl "5400+30"]

1. d4 d5 2. c4 e6 3. Nc3 Nf6 4. Bg5 Nbd7 5. e3 c6 6. Qc2 Qa5 {[%emt 0:13:36] LiveBook: 30 Games} 7. Bf4 {[%emt 0:10:57] D51: Queen's Gambit Declined: 4 Bg5 Nbd7 sidelines} (7. Bh4 Ne4 8. Bd3 Nxc3 9. bxc3 b6 10. Nf3 dxc4 11. Bxc4 Ba6 12. Qd3 Bxc4 13. Qxc4 Rc8 14. O-O Bd6 15. Rfd1 {1-0 (47) Bocharov,D (2560)-Savchenko,B (2567) Berlin 2015}) 7... Bb4 8. Bd3 dxc4 9. Bxc4 Nd5 $146 ({Predecessor:} 9... h5 10. Nge2 g5 11. Bg3 h4 12. Be5 Nxe5 13. dxe5 Qxe5 {1-0 (21) Velecky,V (2164)-Sheverniayeu,S (2000) Polanica Zdroj 2005}) 10. Bxd5 exd5 11. Nf3 O-O 12. O-O h6 13. a3 Bxc3 14. bxc3 Nb6 15. Bd6 Re8 16. Ne5 Qa4 17. Qe2 Nc4 18. Nxc4 Qxc4 19. Qxc4 dxc4 20. Rfe1 Bf5 21. f3 Bd3 22. e4 f5 23. e5 Kf7 24. a4 b6 25. Ra2 Ke6 26. Kf2 Red8 27. h4 g6 28. Ke3 Rd7 29. Kf4 (29. a5 $5 b5 30. g3 $14) 29... Rf7 30. Rb2 Re8 31. Rh1 Rd7 32. a5 b5 33. a6 Rf7 34. g3 Rh8 35. Rg2 Re8 ({Black should try} 35... g5+ $1 $15 36. Ke3 g4) 36. g4 fxg4+ 37. Kxg4 h5+ 38. Kg3 Ra8 39. Kf2 Rg7 40. Ke3 Rf7 41. Rhg1 Rg8 42. Rg5 Rfg7 43. Rd1 Rf7 44. Rg2 Rd7 45. Rg3 Rf7 ({Better is} 45... Rxd6 $11 46. exd6 Kxd6) 46. Rdg1 Rfg7 47. Rg5 Bf5 48. Kd2 Bd3 49. R1g3 Bf5 50. Kc1 Rh7 51. Kb2 Rhg7 52. Ka3 Bd3 53. Kb4 Kd5 54. Rg1 Bc2 55. Bc5 Ke6 56. Ka5 Bd3 57. Ba3 ({White should play} 57. R5g3 $14) 57... Bf5 (57... b4 $1 $11 58. Bxb4 Rb8) 58. Re1 Re8 (58... b4 $5 59. Bxb4 (59. Kxb4 Bd3 $11) 59... Rb8 $11) 59. Reg1 Reg8 60. Kb4 Kd5 61. e6 Kxe6 62. Kc5 Kf6 63. Kxc6 Bd7+ (63... Rb8 $11 {keeps the balance.}) 64. Kd6 Bc8 65. Rxb5 Bxa6 66. Re5 Rd8+ 67. Kc5 Rc7+ (67... Rb7 $5 68. Rge1 Rb5+ 69. Kc6 Rb6+ 70. Kc7 Rdb8 $14) 68. Kb4 Bb7 69. Rge1 Bd5 70. Ka5 Rdd7 71. Re8 Bf7 72. R8e3 Rd5+ 73. Bc5 Kg7 (73... g5 $11) 74. Rb1 Rf5 75. Rb8 Rd7 76. Kb4 Rf4 (76... g5 $11) 77. Be7 Bd5 78. Kc5 Rf5 79. Bd6 Bxf3+ 80. Be5+ Kf7 81. Kxc4 a5 82. Rh8 Re7 $2 (82... Bc6 83. Kc5 Bh1) 83. Kb5 $2 (83. Rh7+ Ke8 84. Rxe7+ Kxe7 85. Bf4+ Kf7 86. Rxf3) 83... Rexe5+ $2 (83... Bg4 {was worth a try.} 84. c4 (84. Kxa5 Rf3 $18) 84... Rf3 85. Rxf3+ Bxf3 86. Kxa5 Bh1) 84. dxe5 Bd5 85. Kxa5 Rf4 86. Rh7+ Ke6 87. Ra7 Rxh4 88. Ra6+ Kf7 89. e6+ Kf6 90. e7+ 1-0